Map: Lost and Found LE

Players

Reynor - Winner!

  • Race: Zerg Zerg
  • Spawn Location: 7:00

HuT

  • Race: Terran Terran
  • Spawn Location: 1:00

Event: WCS Valencia 2018

VOD

Have the link to the VOD?

Description

Time

  • Played on: July 12, 2018, 12:39 p.m.
  • Length: 9:20

All games in this series

Show
View Real Time Build Order
Export as new Build Order

Reynor Zerg - Winner!

Build Orders: Pool First 

Get SALT Encoding   

  12  0:00  Drone  
  13  0:12  Overlord  
  13  0:17  Drone  
  14  0:30  Drone  
  14  0:31  Drone  
  16  0:41  Spawning Pool  
  15  0:44  Drone  
  15  0:47  Drone  
  17  1:08  Hatchery  
  16  1:13  Drone  
  17  1:27  Zergling x4  
  17  1:28  Zergling x2  
  17  1:30  Queen  
  22  1:38  Overlord  
  22  1:42  Extractor  
  21  1:52  Drone  
  22  2:00  Drone  
  23  2:06  Queen  
  25  2:10  Drone  
  26  2:20  Queen, Drone  
  29  2:23  Drone  
  30  2:30  Overlord  
  30  2:33  Drone  
  31  2:38  Drone x2  
  31  2:40  Drone  
  34  2:44  Drone x2  
  35  2:52  Drone  
  35  2:55  Drone  
  35  2:56  Baneling Nest  
  36  2:59  Roach Warren  
  36  3:03  Drone  
  36  3:05  Drone  
  36  3:14  Overlord  
  36  3:24  Overlord  
  36  3:39  Roach x3  
  36  3:40  Roach x4  
  50  3:48  Roach  
  52  3:52  Overlord  
  52  3:54  Hatchery  
  52  3:55  Zergling x2  
  52  4:02  Overlord  
  52  4:09  Overlord  
  52  4:12  Drone x2  
  52  4:13  Drone x3  
  52  4:16  Drone x2  
  59  4:20  Drone  
  59  4:22  Drone x2  
  62  4:25  Drone  
  62  4:26  Drone  
  64  4:36  Overlord  
  64  4:38  Drone  
  65  4:41  Lair  
  65  4:46  Overlord  
  65  4:48  Drone x2  
  65  4:50  Extractor  
  65  4:52  Roach  
  68  4:57  Zergling x8  
  68  4:58  Metabolic Boost  
  70  5:03  Overlord  
  68  5:07  Drone  
  68  5:08  Drone x2  
  68  5:10  Drone x2  
  68  5:13  Drone  
  72  5:16  Drone x2  
  72  5:19  Evolution Chamber  
  71  5:22  Evolution Chamber  
  71  5:23  Overlord  
  71  5:25  Drone x3  
  65  5:30  Queen  
  65  5:32  Overlord  
  65  5:33  Drone  
  65  5:34  Spore Crawler  
  67  5:38  Spore Crawler  
  67  5:39  Spore Crawler  
  67  5:40  Drone  
  67  5:42  Overseer  
  67  5:45  Queen  
  67  5:47  Zerg Ground Armor Level 1  
  69  5:51  Zergling x6  
  69  5:53  Zergling x2  
  69  5:55  Zergling x2  
  73  5:57  Zergling x4  
  75  6:04  Drone x2  
  75  6:05  Drone x2  
  75  6:09  Zerg Melee Weapons Level 1  
  75  6:10  Drone x4  
  83  6:12  Zergling x6  
  83  6:13  Extractor  
  85  6:19  Overlord  
  85  6:20  Zergling x2  
  85  6:22  Extractor  
  85  6:23  Drone  
  86  6:28  Baneling Nest  
  86  6:30  Drone x2  
  87  6:35  Zergling x2  
  87  6:36  Zergling x4  
  87  6:37  Zergling x2, Spore Crawler  
  87  6:39  Overlord, Spore Crawler  
  90  6:43  Zergling x6  
  90  6:44  Zergling x2  
  88  6:48  Drone  
  88  6:51  Hatchery  
  88  6:53  Drone  
  87  6:55  Drone  
  87  6:56  Hydralisk Den  
  87  6:57  Drone  
  87  6:58  Extractor  
  87  7:01  Hatchery, Drone  
  88  7:06  Overlord  
  87  7:09  Drone x3  
  87  7:11  Drone  
  87  7:15  Centrifical Hooks, Drone  
  86  7:22  Drone x2  
  88  7:26  Muscular Augments  
  88  7:28  Zergling x4  
  90  7:33  Zergling x8  
  90  7:36  Overlord  
  94  7:42  Zergling x12  
  94  7:43  Zergling x2  
  101  7:46  Drone  
  101  7:49  Drone  
  101  7:56  Zergling x2  
  102  7:59  Hatchery, Spore Crawler  
  102  8:00  Zergling x4  
  102  8:02  Zergling x6  
  105  8:06  Drone x2  
  105  8:09  Hydralisk x3  
  105  8:12  Hydralisk x2  
  116  8:22  Hydralisk x5  
  116  8:24  Drone  
  116  8:25  Drone  
  125  8:27  Drone  
  125  8:30  Hydralisk x2  
  128  8:36  Zergling x2  
  128  8:37  Zergling x10  
  132  8:43  Hydralisk x3  
  137  8:52  Zergling x20  
  137  8:55  Overlord x2  
  147  9:03  Zergling x4  
  147  9:06  Spore Crawler  
Show
View Real Time Build Order
Export as new Build Order

HuT Terran 

Build Orders: Cyclone Opening, Gas First Reaper Expand, Reaper Expand, MMM Bio 

Get SALT Encoding   

  12  0:00  SCV  
  13  0:13  SCV  
  14  0:17  Supply Depot  
  14  0:25  SCV  
  15  0:30  Refinery  
  15  0:38  SCV  
  16  0:44  Barracks  
  16  0:50  SCV  
  17  1:02  SCV  
  18  1:15  SCV  
  19  1:31  Reaper, Orbital Command  
  20  1:42  Command Center  
  20  1:52  Factory  
  20  1:57  SCV  
  21  2:06  Supply Depot  
  21  2:07  Barracks Reactor  
  21  2:10  SCV  
  21  2:15  Refinery  
  22  2:23  SCV  
  22  2:35  SCV  
  20  2:47  SCV  
  20  2:50  Marine x2  
  20  2:51  Cyclone  
  24  3:01  SCV  
  24  3:09  Marine x2  
  26  3:14  Starport  
  26  3:16  SCV  
  27  3:27  Marine x2  
  27  3:28  SCV  
  30  3:36  Orbital Command  
  30  3:41  Factory Tech Lab  
  30  3:44  SCV  
  31  3:49  Marine x2  
  33  3:57  SCV  
  34  4:03  SCV  
  34  4:07  Banshee  
  34  4:09  SCV  
  39  4:10  Cloaking Field  
  39  4:15  SCV  
  40  4:19  Supply Depot  
  40  4:23  SCV  
  41  4:25  Barracks Tech Lab  
  41  4:27  SCV  
  42  4:36  Hellion x2  
  46  4:40  SCV  
  46  4:41  Supply Depot  
  46  4:48  SCV  
  46  4:51  Supply Depot, Marine  
  48  4:53  SCV  
  48  4:57  Hellion  
  51  5:00  Hellion  
  53  5:10  Supply Depot  
  53  5:12  Supply Depot  
  52  5:16  SCV x2  
  52  5:20  Marine  
  53  5:32  Banshee  
  53  5:33  SCV x2  
  58  5:36  Stimpack  
  58  5:39  Factory Tech Lab  
  58  5:42  Factory Reactor  
  58  5:45  SCV x2  
  60  5:50  Command Center  
  60  5:57  SCV  
  60  6:00  Supply Depot  
  60  6:04  Marine  
  61  6:07  SCV  
  61  6:09  SCV  
  64  6:14  Supply Depot  
  64  6:24  Barracks x2  
  64  6:26  SCV x2, Starport Reactor  
  64  6:29  Supply Depot  
  64  6:30  Siege Tank  
  69  6:41  SCV  
  69  6:46  Marine  
  60  6:50  SCV, Engineering Bay  
  60  6:51  Engineering Bay  
  60  6:53  SCV  
  54  6:55  Supply Depot  
  54  7:03  Refinery  
  54  7:04  Marine, Refinery  
  54  7:05  Orbital Command  
  55  7:10  SCV x2  
  57  7:16  Medivac  
  57  7:17  Medivac  
  57  7:21  Marine x2  
  60  7:24  SCV  
  60  7:26  SCV  
  62  7:32  SCV  
  62  7:36  SCV  
  64  7:38  SCV  
  64  7:39  Marine  
  66  7:45  SCV  
  67  7:51  Marine x2  
  67  7:52  Combat Shields, Marine x2  
  67  7:54  SCV  
  67  7:55  Supply Depot, SCV  
  73  8:07  SCV x2  
  73  8:08  Marine  
  73  8:09  Supply Depot, Marine x4  
  73  8:10  Siege Tank  
  81  8:26  Marine  
  71  8:27  Marine x4  
  71  8:30  SCV  
  75  8:37  Orbital Command  
  71  8:42  Supply Depot  
  71  8:44  Marine  
  71  8:45  Supply Depot, Marine x4  
  71  8:46  SCV x2  
  71  8:47  Factory  
  78  8:49  Barracks x2  
  81  8:59  SCV x2  
  81  9:02  Marine  
  88  9:03  SCV  
  89  9:11  Armory, Supply Depot  
Tags
 
Add a new tag
Caveats
  • Supply blocks, unpowered buildings, or Contaminate may cause inaccurate times.
  • Supply counts are checked every 10 seconds.